 Dungeon Crawl Stone Soup version 0.31.0-11-ge490571c62 (webtiles) character file.

Game seed: 11420193536520982416

1302 Arctor the Magician (level 8, -5/38 (41) HPs)
             Began as a Deep Elf Fire Elementalist on Feb 4, 2024.
             Was a Believer of Vehumet.
             Slain by a wight
             ... wielding a +3 mace of freezing
              (6 damage)
             ... on level 9 of the Dungeon.
             The game lasted 00:08:00 (8259 turns).

Arctor the Magician (Deep Elf Fire Elementalist)    Turns: 8259, Time: 00:08:00

HP:   -5/38 (41)    AC:  3    Str:  5    XL:     8   Next: 31%
MP:   0/19          EV: 14    Int: 23    God:    Vehumet [**....]
Gold: 262           SH:  0    Dex: 15    Spells: 17/20 levels left

rFire   . . .        (no weapon)
rCold   + . .        (no shield)
rNeg    + . .        a - +0 robe
rPois   .            (no helmet)
rElec   .            (no cloak)
rCorr   .            (no gloves)
SInv    .            h - +0 pair of boots
Will    .....        o - amulet of guardian spirit
Stlth   +++          d - ring of positive energy
HPRegen 0.26/turn    f - ring of protection from cold
MPRegen 0.16/turn

%: guardian spirit
@: about to teleport, drained
A: no striking features
a: Renounce Religion


You were on level 9 of the Dungeon.
You worshipped Vehumet.
Vehumet was pleased with you.
You visited 1 branch of the dungeon, and saw 8 of its levels.

You collected 262 gold pieces.

Inventory:

Missiles
 v - 2 throwing nets
Armour
 a - a +0 robe (worn)
 h - a +0 pair of boots (worn)
Magical Staves
 i - a staff of earth
 D - a staff of earth
Jewellery
 d - a ring of positive energy (left hand)
 f - a ring of protection from cold (right hand)
 j - a ring of resist corrosion
 o - an amulet of guardian spirit (around neck)
 w - a ring of poison resistance
 y - a ring of protection from cold
Wands
 u - a wand of charming (9)
Scrolls
 e - 3 scrolls of fear
 g - 4 scrolls of vulnerability
 k - 2 scrolls of immolation
 m - a scroll of noise
 q - a scroll of enchant armour
 A - 3 scrolls of blinking {unknown}
 B - 2 scrolls of amnesia
Potions
 b - a potion of magic
 l - a potion of haste {unknown}
 n - a potion of might {unknown}
 p - a potion of brilliance {unknown}
 r - 2 potions of resistance {unknown}
 s - a potion of curing {unknown}
 x - a potion of lignification {unknown}


   Skills:
 + Level 5.8 Dodging
 + Level 6.2 Stealth
 + Level 6.6 Spellcasting
 + Level 5.0 Conjurations
 + Level 5.9 Fire Magic


You had 17 spell levels left.
You knew the following spells:

 Your Spells              Type           Power      Damage    Failure   Level
a - Foxfire               Conj/Fire      100%       2x1d9     1%          1
b - Scorch                Fire           68%        2d7       1%          2

Your spell library contained the following spells:

 Spells                   Type           Power      Damage    Failure   Level
 Magic Dart               Conj           100%       1d8       1%          1
 Inner Flame              Hex/Fire       21%        N/A       7%          3
 Volatile Blastmotes      Fire/Tloc      42%        2d13      7%          3
 Flame Wave               Conj/Fire      32%        2d9       9%          4
 Gell's Gravitas          Tloc           7%         N/A       24%         3
 Teleport Other           Tloc           7%         N/A       24%         3
 Irradiate                Conj/Alch      9%         3d14      61%         5
 Anguish                  Hex/Necr       3%         N/A       63%         4
 Cause Fear               Hex            3%         N/A       63%         4
 Dispersal                Tloc           3%         N/A       100%        6
 Enfeeble                 Hex            3%         N/A       100%        7
 Ignition                 Fire           17%        3d7       100%        8


Dungeon Overview and Level Annotations

Branches:
Dungeon (9/15)
 Temple: D:4-7         Lair: D:8-11         Orc: D:9-12

Altars:
Vehumet
Wu Jian

Shops:
D:4 [??(?   D:5 :*   D:8 !

Annotations:
D:2 1 runed translucent door, Crazy Yiuf


Message History

You conjure some foxfire!
The foxfire hits the wight.
The wight is moderately damaged.
The wight hits you with a +3 falchion!
A wight comes into view. It is wielding a +3 mace of freezing.
Casting: Foxfire (safe; 1% risk of failure)
Confirm with . or Enter, or press ? or * to list all spells.
Flames lash the wight.
The wight is severely damaged.
The wight's fire resistance burns away.
The foxfire hits the wight.
The wight is almost destroyed.
Unknown command.
You conjure some foxfire!
The wight completely misses you.
The wight hits you with a +3 mace of freezing.
The wight freezes you.
Casting: Foxfire (safe; 1% risk of failure)
Confirm with . or Enter, or press ? or * to list all spells.
There is not enough space to conjure foxfire!
Your foxfire dissipates!
The wight misses you. The wight attacks as it pursues you!
The wight hits you with a +3 mace of freezing!
The wight freezes you. The wight hits you with a +5 hand axe.
You partially resist.
You feel drained.
You are too injured to fight recklessly!
Unknown command.
Casting: Foxfire (safe; 1% risk of failure)
Confirm with . or Enter, or press ? or * to list all spells.
Flames lash the wight.
The wight is lightly damaged.
The wight's fire resistance burns away.
The wight closely misses you.
The wight hits you with a +3 mace of freezing!
You partially resist.
You feel drained. The wight freezes you. The wight closely misses you.
You are too injured to fight recklessly!
As you read the scroll of teleportation, it crumbles to dust.
You feel strangely unstable.
The wight is no longer more vulnerable to fire.
The wight hits you with a +3 falchion!
* * * LOW HITPOINT WARNING * * *
The wight hits you with a +3 mace of freezing.
You die...

#.#........
#.#.......
#.#......
#.#####..
#.....#
#####.#
#..#.# .#
#..#z#...#
#..@z....#
#...z....+
##########


You could see 3 wights.

Vanquished Creatures
  2 sky beasts
  An orc warrior (D:8)
  A black bear (D:5)
  A kobold brigand (D:8)
  2 scorpions
  2 howler monkeys
  A bombardier beetle (D:5)
  An orc priest (D:4)
  3 hounds (D:5)
  3 orc wizards
  Terence (D:2)
  3 iguanas
  Natasha (thrice) (D:2)
  Robin (D:2)
  3 gnolls (D:5)
  11 adders
  3 dart slugs
  2 ribbon worms
  10 orcs
  2 endoplasms
  A giant cockroach (D:1)
  12 goblins
  12 hobgoblins
  5 jackals
  10 kobolds
  6 quokkas
  13 ball pythons
  6 bats
  6 frilled lizards
  21 rats
148 creatures vanquished.

Vanquished Creatures (collateral kills)
  3 foxfires (D:2)
3 creatures vanquished.

Vanquished Creatures (others)
  891 foxfires
891 creatures vanquished.

Grand Total: 1042 creatures vanquished

Notes
Turn   | Place    | Note
-------+----------+-------------------------------------------
     0 | D:1      | Arctor the Deep Elf Fire Elementalist began the quest for
                  | the Orb.
     0 | D:1      | Reached XP level 1. HP: 10/10 MP: 6/6
   519 | D:1      | Reached XP level 2. HP: 15/15 MP: 4/8
  1274 | D:1      | Reached XP level 3. HP: 19/19 MP: 4/9
  1746 | D:2      | Learned a level 2 spell: Scorch
  2013 | D:2      | Noticed Natasha
  2019 | D:2      | Killed Natasha
  2020 | D:2      | Reached XP level 4. HP: 24/24 MP: 3/11
  2220 | D:2      | Noticed Robin
  2228 | D:2      | Killed Robin
  2508 | D:2      | Found a faded altar of an unknown god.
  2667 | D:2      | Found a runed translucent door.
  2675 | D:2      | Noticed Crazy Yiuf
  2691 | D:2      | Noticed Terence
  2699 | D:2      | Killed Terence
  2700 | D:2      | Reached XP level 5. HP: 28/28 MP: 5/13
  2855 | D:2      | Found the +2 pair of slick slippers {slick, slippery, EV+4}
  2972 | D:2      | Noticed Natasha
  2978 | D:2      | Killed Natasha
  3034 | D:2      | Noticed Natasha
  3037 | D:2      | Killed Natasha
  3481 | D:3      | Found a radiant altar of Vehumet.
  3527 | D:3      | Became a worshipper of Vehumet
  4293 | D:4      | Reached XP level 6. HP: 28/32 MP: 6/14
  4388 | D:4      | Found Qacw's Magic Scroll Emporium.
  4487 | D:4      | Reached * piety under Vehumet
  4487 | D:4      | Offered knowledge of Sting by Vehumet.
  4723 | D:4      | Found Xogiur's Antique Armour Boutique.
  4767 | D:4      | Found Jiqiys's Magic Scroll Shop.
  4774 | D:4      | Reached skill level 5 in Spellcasting
  4775 | D:4      | Noticed a sky beast
  4781 | D:4      | Killed a sky beast
  4782 | D:4      | Reached XP level 7. HP: 36/36 MP: 4/16
  5136 | D:4      | Found Rulaoskioph's Weapon Shoppe.
  5249 | D:4      | Found Egaseph's Magic Scroll Boutique.
  5643 | D:4      | Reached skill level 5 in Stealth
  5875 | D:5      | Entered Level 5 of the Dungeon
  6121 | D:5      | Reached skill level 5 in Fire Magic
  6150 | D:5      | Found Qoox's Fire Supplies.
  6579 | D:5      | Found Himeesh's Vocational Training.
  6656 | D:5      | Reached skill level 5 in Dodging
  6688 | D:5      | Reached ** piety under Vehumet
  6692 | D:5      | Offered knowledge of Magic Dart by Vehumet.
  7373 | D:5      | Reached XP level 8. HP: 41/41 MP: 14/19
  7566 | D:6      | You fall into a shaft and drop 2 floors!
  7566 | D:8      | Found an ornate altar of the Wu Jian Council.
  8090 | D:8      | Reached skill level 5 in Conjurations
  8150 | D:8      | Found Loco Tunt's Distillery.
  8259 | D:9      | HP: 1/38 [wight/+3 falchion (11)]
  8259 | D:9      | Slain by a wight

Illustrated notes

Levels and vault maps discovered:
D:1:      wander_arrival_abandoned_jail, layout_basic,
          hangedman_abyss_or_decor_stabs, dk_noncrumbling_3, dk_noncrumbling_4,
          dreamdust_princess_bridge
D:2:      minmay_diamond_boxcup, layout_loops_corners, basic_ecumenical_altar,
          minmay_misc_feat_doors, uniq_natasha, uniq_crazy_yiuf_cottage,
          uniq_terence, uniq_robin
D:3:      minmay_angry_zag, layout_rooms, fiery_altar_vehumet
D:4:      dreamdust_elfheim, layout_cave_pools, serial_shops, shop,
          nicolae_shop_bloodbath_and_beyond, shop, shop, nicolae_shop_trees,
          minmay_rat_hole
D:5:      layout_gridville, portal_sewer_entry_d, grunt_ministairs_7,
          roderic_three_in_a_row, nicolae_shop_fire_sale
          [nicolae_sub_dead_trees], nicolae_shop_vocational
D:6:      layout_cave_pods, yredelemnul_altar_generic, uniq_jeremiah,
          uniq_menkaure, uniq_maggie
D:8:      layout_basic, mainiacjoe_overflow_tiny_flanked, serial_shops, shop
D:9:      layout_irregular_city, kennysheep_mini, serial_co_window_serial,
          co_window_of_opportunity_a, co_window_corner_a, co_window_corner_a,
          co_window_paths_a, co_window_paths_a, co_window_corner_cb,
          co_window_corner_ca, co_window_of_opportunity_b,
          co_window_unsneaky_path_b, co_window_paths_e, co_window_4corner_b,
          amcnicky_mini_rare_corridor_liquid, minivault_1

Skill      XL: |  1  2  3  4  5  6  7  8 |
---------------+-------------------------+-----
Stealth        | 3 4 5 6 |  6.2
Dodging        | 3 4 5 |  5.8
Conjurations   | 2 3 4 5 |  5.0
Spellcasting   | 4 5 6 |  6.6
Fire Magic     | 4 5 |  5.9

Action                     |  1- 3 |  4- 6 |  7- 9 || total
---------------------------+-------+-------+-------++-------
   Cast: Foxfire           |   108 |   177 |   243 ||   528
         Scorch            |     3 |    13 |    19 ||    35
    Use: Scroll            |       |     3 |     7 ||    10
 Armour: Robe              |    11 |    18 |    25 ||    54
  Dodge: Dodged            |    13 |    32 |    16 ||    61
